cohdb
Replays
Latest Replays
All Replays
Popular Replays
Top Player Replays
Match Explorer
How It Works
Community
CoH3 Stats
Reddit
Sign in to upload your games and track your stats! →
Sign in with Steam
Match 41618400
Unlisted
Match 41618400
Overview
Messages
Build Orders
End
Engineer Squad
Construct Barracks
Selects Heavy Weapons
Riflemen Squad
Riflemen Squad
Grenade Package
Riflemen Squad
Selects Assault Carriers
Riflemen Squad
Air Support Center
Construct Weapon Support Center
Grasshopper Recon Run
M3 Assault Carrier
P-47 Dive Bomb
Riflemen Squad
M3 Assault Carrier
Engineer Squad
Selects Exchangeable Parts
Grasshopper Recon Run
Construct Medical Station
Grasshopper Recon Run
dropzee
DOLPHINMURN
Mayonnaise
Quejour
Elan
Waffen-YT
0
0
Comments
sign in to comment!
No comments posted yet!